 Dungeon Crawl Stone Soup version 0.17-a0-1760-ga6756ae (webtiles) character file.

4372 rexus the Grappler (level 10, 0/92 HPs)
             Began as a Troll Monk on Sept 3, 2015.
             Was a Follower of Ru.
             Slain by an orc
             ... wielding a +0 club
              (2 damage)
             ... on level 11 of the Dungeon.
             The game lasted 01:19:24 (8856 turns).

rexus the Grappler (Troll Monk)                     Turns: 8856, Time: 01:19:24

Health: 0/92       AC:  5    Str: 22    XL:     10   Next: 13%
Magic:  0/9        EV: 10    Int:  6    God:    Ru [*.....]
Gold:   494        SH:  0    Dex: 16    Spells: 1 memorised, 6 levels left

rFire  . . .     SeeInvis .       - Unarmed
rCold  . . .     Clarity  .     O - troll hide
rNeg   . . .     SustAt   +     (no shield)
rPois  .         Gourm    +     (helmet restricted)
rElec  .         Spirit   +     (no cloak)
rCorr  .         Warding  .     (gloves unavailable)
rMut   .         Stasis   .     (boots unavailable)
MR     .....                    D - amulet of guardian spirit
Stlth  +.........               s - ring of flight
                                h - ring of sustain attributes

@: about to teleport, not resistant to hostile enchantments, very unstealthy
A: unfitting armour, claws 3, agile 1, deterioration 1, fast metabolism 3,
gourmand, regeneration 2, shaggy fur 1, spit poison 1, tough skin 2, missing an
eye
a: Spit Poison, Renounce Religion, Evoke Flight


You were on level 11 of the Dungeon.
You worshipped Ru.
Ru was aware of your devotion.
You were not hungry.

You visited 2 branches of the dungeon, and saw 12 of its levels.
You also visited: Sewer.

You collected 494 gold pieces.

Inventory:

Missiles
 e - 296 stones (quivered)
 E - 20 poisoned sling bullets
Armour
 a - a +0 robe
 O - a troll hide (worn)
Jewellery
 h - a ring of sustain attributes (left claw)
 s - a ring of flight (right claw)
 D - an amulet of guardian spirit (around neck)
Magical devices
 b - a wand of fireball (3)
 p - a wand of slowing (34)
 y - a wand of disintegration (11)
 C - a wand of flame (22)
 N - a wand of disintegration (14)
Scrolls
 d - 3 scrolls of enchant armour {unknown}
 l - a scroll of fear {unknown}
 n - 2 scrolls of recharging {unknown}
 o - a scroll of magic mapping {unknown}
 q - a scroll of fog {unknown}
 r - 3 scrolls of random uselessness {unknown}
 u - 3 scrolls of teleportation
 A - 3 scrolls of remove curse {unknown}
 G - 2 scrolls of identify
 I - a scroll of enchant weapon {unknown}
Potions
 f - a potion of curing
 i - 5 potions of lignification
 j - 3 potions of flight
 m - a potion of cure mutation {unknown}
 t - 5 potions of brilliance
 w - a potion of beneficial mutation {unknown}
 x - 2 potions of haste {unknown}
 z - a potion of heal wounds
 J - a potion of invisibility {unknown}
 K - a potion of cancellation {unknown}
 L - a potion of ambrosia {unknown}
Books
 g - a book of Burglary

   Spells                             Type                      Level
   a - Swiftness                      Charms/Air                   2
   b - Passwall                       Transmutation/Earth          3
   c - Passage of Golubria            Translocation                4
   d - Lee's Rapid Deconstruction     Earth                        5
   e - Darkness                       Hexes                        6
   f - Invisibility                   Hexes                        6
 F - a book of Spatial Translocations

   Spells                             Type                      Level
   a - Apportation                    Translocation                1
   b - Blink                          Translocation                2
   c - Shroud of Golubria             Charms/Translocation         2
   d - Portal Projectile              Translocation                3
   e - Teleport Other                 Translocation                3
   f - Passage of Golubria            Translocation                4
Comestibles
 c - a beef jerky
 k - 10 meat rations
 v - 9 fruits
 B - 3 bread rations
 H - 2 slices of pizza


   Skills:
 + Level 3.7 Fighting
 - Level 5.3 Throwing
 - Level 2.4 Dodging
 - Level 1.1 Stealth
 - Level 10.3 Unarmed Combat
 - Level 3.0 Transmutations
 - Level 7.0 Earth Magic


You had 6 spell levels left.
You knew the following spells:

 Your Spells              Type           Power        Failure   Level  Hunger
a - Passwall              Trmt/Erth      #.........   21%         3    ####...


Dungeon Overview and Level Annotations

Branches:
Dungeon (11/15)            Temple (1/1) D:5             Orc (0/4) D:9
   Lair: D:8-11

Altars:
Ashenzari
Cheibriados
Dithmenos
Elyvilon
Fedhas
Gozag
Kikubaaqudgha
Makhleb
Nemelex Xobeh
Okawaru
Qazlal
Ru
Sif Muna
Trog
Vehumet
Xom
Yredelemnul
Zin

Shops:
D:7 %

Annotations:
D:9 stevs's ghost, powerful NaFE
D:11 Rogan's ghost, powerful DDFi


Innate Abilities, Weirdness & Mutations

You are too large for most types of armour.
You have claws for hands.
Your metabolism is lightning-fast.
You like to eat raw meat.
You heal very quickly.
You are covered in fur (AC +1).
You have very tough skin (AC +2).
You are missing an eye, making it more difficult to aim.
You are agile. (Dex +2)
Your body sometimes deteriorates upon taking damage.
You can spit weak poison.


Message History

You feel dopey for a moment.
You feel less confused. Something hits you!
* * * LOW HITPOINT WARNING * * *
Something bites you.
* * * LOW HITPOINT WARNING * * *
Something draws strength from your injuries!
The orc barely misses you. Rogan's ghost hits you.
* * * LOW HITPOINT WARNING * * *
The orc priest misses you.
The orc throws a tomahawk.
The tomahawk hits you.
* * * LOW HITPOINT WARNING * * *
The orc warrior misses you.
You see here a tomahawk.
Read which item? (? for menu, Esc to quit)
As you read the scroll of teleportation, it crumbles to dust.
You feel strangely unstable. Something hits you but does no damage.
Something bites you!
* * * LOW HITPOINT WARNING * * *
The orc hits you with a club.
You die...

##### ##...#
####
#....###....
#..@..o....
...
##..ooo.....
...
#...W.......
...
#...........
...
#...........
...
##....(.....
...
#..........
...
#..........
...
#######...
....


You could see an orc warrior, an orc priest, Rogan's ghost and 2 orcs.

Vanquished Creatures
  A two-headed ogre (D:10)
  A troll (D:10)
  A basilisk (D:11)
  Menkaure (D:6)
  A water moccasin (D:10)
  3 black bears
  2 ice beasts
  3 ogres
  2 phantoms
  4 sky beasts
  2 orc warriors
  7 centaurs
  A big kobold (Sewer)
  6 giant frogs
  2 killer bees (D:8)
  2 scorpions (D:4)
  A crimson imp (D:5)
  2 hounds
  6 orc wizards
  A centaur zombie (D:5)
  An iguana (D:5)
  4 orc priests
  2 centaur skeletons
  3 giant frog skeletons
  8 worker ants
  A worker ant zombie (D:5)
  2 hound skeletons
  4 gnolls (D:2)
  9 adders
  3 shadow imps
  An ooze (Sewer)
  4 adder skeletons (D:5)
  An adder zombie (D:5)
  4 worms
  4 giant geckos
  35 orcs
  3 ball pythons
  6 bats
  6 giant cockroaches
  7 hobgoblins
  6 jackals
  6 quokkas
  A giant gecko skeleton (D:7)
  8 giant newts
  7 goblins
  2 jackal skeletons
  16 kobolds
  A quokka zombie (D:5)
  9 rats
  2 plants (D:4)
215 creatures vanquished.

Notes
Turn   | Place    | Note
--------------------------------------------------------------
     0 | D:1      | rexus the Troll Monk began the quest for the Orb.
     0 | D:1      | Reached XP level 1. HP: 22/22 MP: 0/0
   488 | D:1      | Reached XP level 2. HP: 29/29 MP: 1/1
  1413 | D:2      | Reached skill level 5 in Unarmed Combat
  1413 | D:2      | Reached XP level 3. HP: 36/36 MP: 2/2
  2012 | D:2      | Reached skill level 1 in Throwing
  2145 | D:3      | Found a bloodstained altar of Trog.
  2148 | D:3      | Found a snail-covered altar of Cheibriados.
  2149 | D:3      | Found a white marble altar of Elyvilon.
  2158 | D:3      | Found a shimmering altar of Xom.
  2190 | D:3      | Reached XP level 4. HP: 40/44 MP: 3/3
  2293 | D:3      | Found a glowing drain.
  2299 | Sewer    | Entered a sewer
  2350 | Sewer    | Noticed a big kobold
  2370 | Sewer    | Killed a big kobold
  2370 | Sewer    | Reached XP level 5. HP: 36/50 MP: 4/4
  3282 | D:4      | Reached XP level 6. HP: 41/59 MP: 5/5
  3581 | D:4      | Reached skill level 6 in Unarmed Combat
  3708 | D:4      | Found a radiant altar of Vehumet.
  3894 | D:4      | Found a basalt altar of Yredelemnul.
  4262 | D:4      | Reached skill level 7 in Unarmed Combat
  4262 | D:4      | Reached XP level 7. HP: 66/66 MP: 6/6
  4281 | D:5      | Entered Level 5 of the Dungeon
  4281 | D:5      | Found a staircase to the Ecumenical Temple.
  4299 | D:5      | Reached skill level 5 in Throwing
  4320 | Temple   | Entered the Ecumenical Temple
  4487 | Temple   | Gained mutation: Your body sometimes deteriorates upon taking damage. [mutagenic meat]
  4488 | Temple   | Gained mutation: You can spit weak poison. [mutagenic meat]
  4489 | Temple   | Gained mutation: You are agile. (Dex +2) [mutagenic meat]
  4600 | D:5      | Learned a level 3 spell: Passwall
  4652 | D:5      | Reached skill level 1 in Earth Magic
  4715 | D:5      | Reached skill level 1 in Transmutations
  4725 | D:5      | Reached XP level 8. HP: 37/74 MP: 7/7
  5635 | D:6      | Noticed Menkaure
  5783 | D:6      | Reached skill level 5 in Earth Magic
  5785 | D:6      | Killed Menkaure
  5997 | D:6      | Reached XP level 9. HP: 74/80 MP: 8/8
  6682 | D:7      | Found an opulent altar of Gozag.
  6726 | D:7      | Found Juynulor's Food Shoppe.
  6885 | D:7      | Reached skill level 8 in Unarmed Combat
  7085 | D:8      | Noticed a gargoyle
  7240 | D:8      | Paralysed by a wasp for 3 turns
  7423 | D:9      | Noticed stevs's ghost (powerful NaFE)
  7426 | D:9      | Found a staircase to the Orcish Mines.
  7427 | D:9      | Found a sacrificial altar of Ru.
  7452 | D:9      | Became a worshipper of Ru the Awakened
  7467 | D:9      | Gained mutation: You are missing an eye, making it more difficult to aim. [Ru sacrifice]
  7467 | D:9      | Acquired Ru's first power
  7512 | D:9      | Reached skill level 9 in Unarmed Combat
  7769 | D:10     | Entered Level 10 of the Dungeon
  7839 | D:10     | Reached skill level 10 in Unarmed Combat
  8466 | D:10     | Reached XP level 10. HP: 86/88 MP: 9/9
  8780 | D:11     | Found a shadowy altar of Dithmenos.
  8846 | D:11     | Noticed Rogan's ghost (powerful DDFi)
  8856 | D:11     | HP: 2/92 [something (7)]
  8856 | D:11     | Slain by an orc

Vault maps used:
D:1:      dpeg_arrival_arbitrary_c, moated_statue
D:3:      nicolae_overflow_quartered_altars, gup_sewer_entry_glass
D:4:      yredelemnul_altar_generic, overflow_temple_1_default
D:5:      forest_paths, minmay_temple_entry_statues, first_bread
D:6:      kennysheep_generic_room_5, uniq_menkaure
D:7:      nicolae_gozag_cash_rules_everything_around_me, serial_shops,
          nicolae_shop_window_shopping
D:8:      erik_lair_dragon, grunt_pizzeria, kennysheep_nondescript,
          uniq_gastronok
D:9:      lemuel_round_altar, tso_metal_star, orc_david_3,
          mrwooster_statue_mirror
D:11:     nicolae_dithmenos_the_darkroom, uniq_sonja
Temple:   roderic_octagonal_lattice_temple
Sewer:    sewer_co_15_rooms

Action                   |  1- 3 |  4- 6 |  7- 9 | 10-12 || total
-------------------------+-------+-------+-------+-------++-------
Melee: Unarmed           |    64 |   150 |   267 |    33 ||   514
       Quarterstaff      |     9 |       |       |       ||     9
Throw: Stone             |     4 |    12 |    54 |    26 ||    96
       Tomahawk          |       |    98 |   161 |       ||   259
 Cast: Passwall          |       |       |     3 |       ||     3
Invok: Sacrifice an Eye  |       |       |     1 |       ||     1
 Abil: Evoke Flight      |       |     1 |       |       ||     1
       Spit Poison       |       |       |     1 |       ||     1
Evoke: Wand              |       |       |     1 |       ||     1
  Use: Scroll            |       |     4 |     7 |     2 ||    13
       Potion            |       |       |     6 |     2 ||     8
 Stab: Sleeping          |     1 |     2 |     2 |       ||     5
  Eat: Chunk             |    23 |    15 |    37 |     3 ||    78
       Bread ration      |       |       |     2 |       ||     2
